 Dungeon Crawl Stone Soup version 0.18.1-48-g4cf74bf (webtiles) character file.

11621 theElss the Thaumaturge (level 11, 0/61 HPs)
             Began as a High Elf Conjurer on July 9, 2016.
             Was a Priest of Vehumet.
             Slain by an unseen horror (9 damage)
             ... on level 11 of the Dungeon.
             The game lasted 00:59:39 (15675 turns).

theElss the Thaumaturge (High Elf Conjurer)        Turns: 15675, Time: 00:59:39

Health: 0/61       AC:  5    Str:  9    XL:     11   Next: 51%
Magic:  23/39      EV: 14    Int: 21    God:    Vehumet [***...]
Gold:   339        SH:  2    Dex: 16    Spells: 5 memorised, 23 levels left

rFire  . . .     SeeInvis .     D - +3 morningstar
rCold  . . .     Gourm    .     a - +0 robe
rNeg   . . .     Faith    .     (no shield)
rPois  .         Spirit   .     I - +0 helmet
rElec  .         Dismiss  .     e - +0 cloak
rCorr  .         Reflect  +     Q - +0 pair of gloves
SustAt .         Harm     .     (no boots)
MR     +....                    R - +2 amulet of reflection
Stlth  ++........               (no ring)
                                L - ring of magical power

@: somewhat resistant to hostile enchantments, unstealthy
A: no striking features
a: Renounce Religion


You were on level 11 of the Dungeon.
You worshipped Vehumet.
Vehumet was most pleased with you.
You were not hungry.

You visited 2 branches of the dungeon, and saw 12 of its levels.
You also visited: Ossuary.

You collected 465 gold pieces.
You spent 126 gold pieces at shops.

Inventory:

Hand Weapons
 h - a +0 dagger
 D - a +3 morningstar (weapon)
Armour
 a - a +0 robe (worn)
 e - a +0 cloak (worn)
 I - a +0 helmet (worn)
 N - the +3 hat of Pondering {ponderous, MR+ MP+10 Int+5}
   (You took it off Gastronok on level 9 of the Dungeon)

   It affects your intelligence (+5).
   It affects your resistance to hostile enchantments.
   It affects your magic capacity (+10).
 Q - a +0 pair of gloves (worn)
Jewellery
 k - an uncursed ring of teleportation
 L - a ring of magical power (left hand)
 R - a +2 amulet of reflection (around neck)
Wands
 o - a wand of polymorph (6/24)
 G - a wand of polymorph (8/24)
 H - a wand of teleportation (4/9)
 K - a wand of confusion (27/48)
Scrolls
 d - 3 scrolls of fear {unknown}
 l - 2 scrolls of magic mapping {unknown}
 p - 3 scrolls of blinking {unknown}
 v - 5 scrolls of enchant armour
 x - 2 scrolls of remove curse
 y - 3 scrolls of teleportation
 C - a scroll of immolation {unknown}
 F - a scroll of recharging {unknown}
 M - a scroll of amnesia {unknown}
 O - a scroll of random uselessness {unknown}
Potions
 j - 2 potions of might
 m - 2 potions of agility
 n - 2 potions of cure mutation
 r - a potion of invisibility {unknown}
 s - 2 potions of cancellation
 t - 3 potions of flight
 u - a potion of beneficial mutation {unknown}
 w - 2 potions of resistance
 z - a potion of heal wounds
 B - a potion of haste {unknown}
 E - 3 potions of curing {unknown}
 J - a potion of degeneration {unknown}
Books
 b - a book of Conjurations

   Spells                             Type                      Level
   a - Magic Dart                     Conjuration                  1
   b - Searing Ray                    Conjuration                  2
   c - Dazzling Spray                 Conjuration/Hexes            3
   d - Fulminant Prism                Conjuration/Hexes            4
   e - Iskenderun's Mystic Blast      Conjuration                  4
   f - Iskenderun's Battlesphere      Conjuration/Charms           5
 i - a book of Party Tricks

   Spells                             Type                      Level
   a - Summon Butterflies             Summoning                    1
   b - Apportation                    Translocation                1
   c - Tukima's Dance                 Hexes                        3
   d - Alistair's Intoxication        Transmutation/Poison         5
   e - Invisibility                   Hexes                        6
Comestibles
 c - 11 bread rations
 f - 3 fruits
 g - 3 beef jerkies
 q - 8 meat rations
 A - a slice of pizza
 P - a royal jelly
 S - 6 chunks of flesh


   Skills:
 * Level 9.7 Dodging
 - Level 2.1 Stealth
 * Level 14.4 Spellcasting
 + Level 10.7 Conjurations
 + Level 0.8 Charms


You had 23 spell levels left.
You knew the following spells:

 Your Spells              Type           Power        Failure   Level  Hunger
a - Magic Dart            Conj           ####         1%          1    None
b - Iskenderun's Battles  Conj/Chrm      #####...     4%          5    ###....
c - Searing Ray           Conj           ######       1%          2    None
d - Iskenderun's Mystic   Conj           ######..     1%          4    None
e - Mephitic Cloud        Conj/Pois/Air  ####....     1%          3    None


Dungeon Overview and Level Annotations

Branches:
Dungeon (11/15)            Temple (1/1) D:6             Orc (0/2) D:10
   Lair: D:8-11

Altars:
Ashenzari
Cheibriados
Dithmenos
Elyvilon
Fedhas
Gozag
Kikubaaqudgha
Makhleb
Nemelex Xobeh
Okawaru
Pakellas
Qazlal
Ru
Sif Muna
Trog
Vehumet
Xom
Yredelemnul
Zin
The Shining One

Shops:
D:4 ?

Annotations:
D:11 tyranidshit's ghost, journeyman DDNe


Message History

Press: ? - help, Shift-Dir - straight line, f/p - tyranidshit's ghost
Aim: tyranidshit's ghost, wielding a weapon of flaming (lightly damaged)
The searing ray misses tyranidshit's ghost.
Your battlesphere wavers and loses cohesion.
Something hits you! Something hits you.
* * * LOW HITPOINT WARNING * * *
Unknown command.
Something barely misses you. Something hits you but does no damage.
Something hits you.
* * * LOW HITPOINT WARNING * * *
Unknown command.
Something hits you.
* * * LOW HITPOINT WARNING * * *
Something closely misses you. Something hits you but does no damage.
Something hits you but does no damage. Something closely misses you.
There is a stone staircase leading down here.
Something hits you!
You die...

#..# #..# #..#
#..# #..# #..#
#..# #..# #..#
#..######..# #..#
#..........# #..#
#..........# #..#
#<.........# #..#
#.........@# #..#
#.......>..###..#
.
#...............#
..
#...............#
...
#...........[W..#
....
#..........###..#
.....
#..........#
#..##......
#..........#
#..).......
#....<.....#
#.##..###..


You could see tyranidshit's ghost.

Vanquished Creatures
  Gastronok (D:9)
  Erolcha (D:8)
  A centaur warrior (D:10)
  An unseen horror (D:10)
  Joseph (D:7)
  2 trolls
  A two-headed ogre (D:10)
  A spriggan (D:10)
  2 wyverns
  Eustachio (D:5)
  2 hippogriffs
  A hungry ghost (D:10)
  Menkaure (D:7)
  A water moccasin (D:9)
  Duvessa (D:7)
  3 orc warriors (D:10)
  5 ice beasts
  A phantom (D:8)
  A wasp (D:7)
  A black bear (D:10)
  An eye of draining (D:9)
  7 centaurs
  5 ogres
  4 big kobolds
  A gnoll sergeant (D:9)
  12 giant frogs
  3 scorpions
  Dowan (D:7)
  7 killer bees
  9 wights
  3 howler monkeys (D:10)
  2 giant frog zombies
  8 crimson imps
  A quasit (D:7)
  2 jellies
  6 hounds
  Crazy Yiuf (D:7)
  A gnoll shaman (D:10)
  5 orc priests
  A centaur skeleton (D:10)
  2 giant frog skeletons
  3 iguanas
  18 orc wizards
  3 worker ants
  A howler monkey zombie (D:10)
  14 gnolls
  10 adders
  A shadow imp (D:7)
  An ooze (D:1)
  An adder skeleton (D:9)
  2 adder zombies
  A worm (D:3)
  3 dart slugs
  10 giant geckos
  32 orcs
  10 bats
  7 giant cockroaches
  5 goblins
  9 hobgoblins
  4 jackals
  25 kobolds
  6 quokkas
  6 giant newts
  A goblin zombie (D:6)
  A kobold skeleton (Ossuary)
  A quokka zombie (D:7)
  5 rats
291 creatures vanquished.

Notes
Turn   | Place    | Note
--------------------------------------------------------------
     0 | D:1      | theElss the High Elf Conjurer began the quest for the Orb.
     0 | D:1      | Reached XP level 1. HP: 11/11 MP: 4/4
   349 | D:1      | Reached XP level 2. HP: 13/17 MP: 0/6
   411 | D:1      | Learned a level 2 spell: Searing Ray
   833 | D:1      | Reached skill level 5 in Conjurations
  1031 | D:1      | Reached XP level 3. HP: 21/21 MP: 4/8
  1841 | D:2      | Reached skill level 3 in Spellcasting
  2375 | D:2      | Reached XP level 4. HP: 26/27 MP: 3/9
  2834 | D:3      | Found a shadowy altar of Dithmenos.
  3680 | D:3      | Reached skill level 4 in Spellcasting
  3801 | D:3      | Reached XP level 5. HP: 31/31 MP: 6/12
  4042 | D:4      | Found a sacrificial altar of Ru.
  4042 | D:4      | Found a bloodstained altar of Trog.
  4044 | D:4      | Found a shattered altar of Ashenzari.
  4131 | D:4      | Found Ymulukko's Magic Scroll Shoppe.
  4194 | D:4      | Bought a scroll of noise for 14 gold pieces
  4194 | D:4      | Bought a scroll of remove curse for 42 gold pieces
  4194 | D:4      | Bought a scroll of identify for 28 gold pieces
  4194 | D:4      | Bought a scroll of teleportation for 42 gold pieces
  4216 | D:4      | Found a shattered altar of Ashenzari.
  4243 | D:4      | Learned a level 4 spell: Iskenderun's Mystic Blast
  4249 | D:4      | Learned a level 5 spell: Iskenderun's Battlesphere
  4736 | D:4      | Reached skill level 5 in Spellcasting
  4736 | D:4      | Reached XP level 6. HP: 36/36 MP: 7/14
  4827 | D:4      | Found a basalt altar of Yredelemnul.
  4828 | D:4      | Found a shimmering altar of Xom.
  5042 | D:5      | Entered Level 5 of the Dungeon
  5440 | D:5      | Noticed Eustachio
  5767 | D:6      | Reached skill level 6 in Spellcasting
  5813 | D:6      | Found a staircase to the Ecumenical Temple.
  5973 | D:6      | Reached XP level 7. HP: 6/41 MP: 10/17
  6164 | D:6      | Found a sand-covered staircase.
  6172 | Ossuary  | Entered an ossuary
  6203 | Ossuary  | Noticed Aquadorian's ghost (novice GrEE)
  6714 | D:6      | Reached skill level 7 in Spellcasting
  7158 | Temple   | Entered the Ecumenical Temple
  7166 | Temple   | Became a worshipper of Vehumet
  7320 | D:7      | Noticed Menkaure
  7326 | D:7      | Killed Menkaure
  7326 | D:7      | Reached XP level 8. HP: 46/46 MP: 12/20
  7437 | D:7      | Reached skill level 5 in Dodging
  7488 | D:7      | Reached skill level 8 in Spellcasting
  7807 | D:7      | Paralysed by a wasp for 1 turns
  8002 | D:7      | Reached skill level 9 in Spellcasting
  8450 | D:7      | Found a deep blue altar of Sif Muna.
  8450 | D:7      | Found a snail-covered altar of Cheibriados.
  8579 | D:7      | Noticed Duvessa
  8580 | D:7      | Noticed Dowan
  8588 | D:7      | Killed Duvessa
  8588 | D:7      | Reached XP level 9. HP: 39/51 MP: 17/23
  8594 | D:7      | Killed Dowan
  8736 | D:7      | Reached * piety under Vehumet
  8736 | D:7      | Offered knowledge of Freeze by Vehumet.
  8742 | D:7      | Noticed Joseph
  8755 | D:7      | Killed Joseph
  8755 | D:7      | Reached skill level 10 in Spellcasting
  9142 | D:7      | Noticed Crazy Yiuf
  9147 | D:7      | Killed Crazy Yiuf
  9577 | D:8      | Reached skill level 11 in Spellcasting
 10029 | D:8      | Noticed Erolcha
 10045 | D:8      | Killed Erolcha
 10045 | D:8      | Reached XP level 10. HP: 36/56 MP: 11/26
 10219 | D:8      | Found an oddly glowing altar of Pakellas.
 10418 | D:8      | Reached skill level 12 in Spellcasting
 10524 | D:8      | Offered knowledge of Sting by Vehumet.
 10689 | D:8      | Reached ** piety under Vehumet
 11115 | D:9      | Noticed Gastronok
 11797 | D:10     | Entered Level 10 of the Dungeon
 12348 | D:9      | Offered knowledge of Static Discharge by Vehumet.
 12635 | D:9      | Reached *** piety under Vehumet
 12635 | D:9      | Reached skill level 13 in Spellcasting
 12645 | D:9      | Reached skill level 10 in Conjurations
 13116 | D:9      | Killed Gastronok
 13116 | D:9      | Reached XP level 11. HP: 38/61 MP: 10/29
 13653 | D:10     | Offered knowledge of Mephitic Cloud by Vehumet.
 13755 | D:10     | Learned a level 3 spell: Mephitic Cloud
 13768 | D:10     | Reached skill level 14 in Spellcasting
 13858 | D:10     | Noticed a centaur warrior
 13868 | D:10     | Killed a centaur warrior
 14262 | D:10     | Found a staircase to the Orcish Mines.
 14463 | D:10     | HP: 2/61 [something (7)]
 14465 | D:10     | Killed an unseen horror
 15035 | D:5      | Killed Eustachio
 15664 | D:11     | Noticed tyranidshit's ghost (journeyman DDNe)
 15675 | D:11     | Slain by an unseen horror

Skill      XL: |  1  2  3  4  5  6  7  8  9 10 11 |
---------------+----------------------------------+-----
Conjurations   | 5 6 7 8 9 10 | 10.7
Spellcasting   | 3 4 5 6 7 9 11 13 14 | 14.4
Dodging        | 3 4 5 7 9 |  9.7
Stealth        | |  2.1
Charms         | |  0.8

Action                   |  1- 3 |  4- 6 |  7- 9 | 10-12 || total
-------------------------+-------+-------+-------+-------++-------
Melee: Unarmed           |     2 |       |       |       ||     2
       Morningstar       |       |       |       |     5 ||     5
 Cast: Magic Dart        |    89 |   119 |   156 |   120 ||   484
       Searing Ray       |     3 |    16 |    53 |    50 ||   122
       Iskenderun's Myst |       |       |     9 |    59 ||    68
       Iskenderun's Batt |       |       |       |    14 ||    14
       Mephitic Cloud    |       |       |       |     1 ||     1
  Use: Scroll            |       |     7 |       |     2 ||     9
       Potion            |       |       |       |     1 ||     1
  Eat: Chunk             |     5 |     9 |    14 |    18 ||    46
       Fruit             |       |     1 |       |       ||     1
Armor: Robe              |     4 |     2 |     6 |    16 ||    28
Dodge: Dodged            |    11 |    16 |    76 |   110 ||   213
Block: Other             |       |       |       |     3 ||     3
       Reflection        |       |       |       |     1 ||     1
